 Seeded DCSS version 0.30-a0-862-g1aabd4f9c5 (webtiles) character file.

Game seed: 7612588474052064957 (custom seed)

1619 bmack86 the Cleaver (level 8, -3/66 (71) HPs)
             Began as a Minotaur Fighter on Mar 9, 2023.
             Was a Believer of Okawaru.
             Slain by a wight
             ... wielding a +6 falchion
              (7 damage)
             ... on level 7 of the Dungeon.
             The game lasted 00:11:50 (5330 turns).

bmack86 the Cleaver (Minotaur Fighter)              Turns: 5330, Time: 00:11:50

HP:   -3/66 (71)    AC: 12    Str: 23    XL:     8   Next: 64%
MP:   7/9           EV: 11    Int:  5    God:    Okawaru [**....]
Gold: 140           SH:  7    Dex: 10    Spells: 7/7 levels left

rFire   . . .      SeeInvis +    a - +1 war axe
rCold   . . .      Faith    .    c - +1 buckler
rNeg    . . .      Spirit   .    b - +0 scale mail
rPois   .          Reflect  .    r - +2 hat
rElec   .          Rampage  .    (no cloak)
rCorr   .                        y - +0 pair of gloves
Will    .....                    (no boots)
Stlth   +                        l - amulet of the acrobat
HPRegen 0.31/turn                j - ring of see invisible
MPRegen 0.11/turn                p - ring of flight

@: heroic, flying, drained
A: horns 2, retaliatory headbutt
a: Renounce Religion, Heroism


You were on level 7 of the Dungeon.
You worshipped Okawaru.
Okawaru was pleased with you.
You visited 2 branches of the dungeon, and saw 8 of its levels.

You collected 289 gold pieces.
You spent 149 gold pieces at shops.

Inventory:

Hand Weapons
 a - a +1 war axe (weapon)
Missiles
 x - 10 poisoned darts (quivered)
 A - 2 javelins
Armour
 b - a +0 scale mail (worn)
 c - a +1 buckler (worn)
 r - a +2 hat (worn)
 y - a +0 pair of gloves (worn)
Jewellery
 j - a ring of see invisible (left hand)
 l - an amulet of the acrobat (around neck)
 p - a ring of flight (right hand)
 v - a ring of ice
Wands
 m - a wand of flame (8)
Scrolls
 i - 3 scrolls of magic mapping
 o - 3 scrolls of teleportation
 s - a scroll of amnesia
 t - a scroll of enchant armour
 u - a scroll of blinking
 w - 2 scrolls of fog
 B - a scroll of enchant weapon
 D - a scroll of identify
Potions
 d - a potion of might
 e - 2 potions of curing
 f - 2 potions of ambrosia
 g - a potion of cancellation
 h - 2 potions of heal wounds
 k - a potion of haste
 n - 2 potions of resistance
 q - a potion of brilliance
 z - 2 potions of magic
 C - 3 potions of lignification {unknown}


   Skills:
 + Level 6.5(11.5) Fighting
 * Level 8.0(13.0) Axes
 + Level 2.3(7.3) Throwing
 + Level 6.5(11.5) Armour
 + Level 6.4(11.4) Shields
 + Level 3.0 Invocations


You had 7 spell levels left.
You didn't know any spells.
Your spell library contained the following spells:

 Spells                   Type           Power      Damage    Failure   Level
 Apportation              Tloc           0%         N/A       78%         1
 Necrotise                Necr           0%         1d4       78%         1
 Lesser Beckoning         Tloc           0%         N/A       89%         2
 Gell's Gravitas          Tloc           0%         N/A       98%         3
 Teleport Other           Tloc           0%         N/A       98%         3
 Summon Small Mammal      Summ           Unusable   N/A       N/A         1

Dungeon Overview and Level Annotations

Branches:
Dungeon (7/15)             Temple (1/1) D:4

Altars:
Ashenzari
Cheibriados
Dithmenos
Elyvilon
Fedhas
Gozag
Hepliaklqana
Kikubaaqudgha
Makhleb
Nemelex Xobeh
Okawaru
Qazlal
Ru
Sif Muna
Trog
Uskayaw
Vehumet
Wu Jian
Xom
Yredelemnul
Zin
The Shining One

Shops:
D:1 *   D:2 **!?   D:4 *   D:5 *!


Innate Abilities, Weirdness & Mutations

You have a pair of horns on your head.
You reflexively headbutt those who attack you in melee.


Message History

You miss Prince Ribbit. Your headbutt misses Prince Ribbit.
Prince Ribbit is severely wounded.
Prince Ribbit catches a mouse with his tongue.
Prince Ribbit hits you. Prince Ribbit hits you!
You slash Prince Ribbit! Your headbutt misses Prince Ribbit.
Prince Ribbit is almost dead.
Prince Ribbit lets out a mournful croak.
Prince Ribbit barely misses you.
You slash Prince Ribbit!
You kill Prince Ribbit!
Okawaru is honoured by your kill.
Your Axes skill increases to level 8!
Your Invocations skill increases to level 3!
You closely miss the iguana. The iguana barely misses you.
You slash the iguana!
You kill the iguana!
Okawaru accepts your kill. 2 wights come into view.
You see here a scroll of identify.
D - a scroll of identify You hit the wight.
The wight is moderately damaged.
You slash the wight! The wight hits you with a +6 falchion!
You feel drained. You block the wight's attack.
You completely miss the wight.
The wight is moderately damaged.
You hit the wight. The wight hits you with a +6 falchion.
* * * LOW HITPOINT WARNING * * *
You feel drained.
You gain the combat prowess of a mighty hero.
The wight hits you with a +6 falchion!
* * * LOW HITPOINT WARNING * * *
You feel drained.
* * * LOW HITPOINT WARNING * * *
The wight barely misses you.
You slash the wight!
You destroy the wight!
Okawaru accepts your kill.
You slash the wight! The wight hits you with a +6 falchion!
You die...

##### ###.?.
....# .# #..#
######..#
#..######)......#
#........@z....#
#.#######.####.#
#.#######.#
#?.....$..#
#########># #.#
##########.#
.....##....#
..........##


You could see a wight.

Vanquished Creatures
  Prince Ribbit (D:7)
  Sigmund (D:2)
  A shadow (D:6)
  A phantom (D:5)
  A kobold brigand (D:6)
  A bullfrog (D:6)
  2 scorpions
  A wight (D:7)
  2 howler monkeys (D:6)
  3 hounds
  2 jellies
  2 gnoll boudas
  2 orc priests
  2 sleepcaps
  6 iguanas
  Robin (D:3)
  6 gnolls
  5 adders
  2 shadow imps (D:6)
  An ufetubus (D:4)
  3 worms
  10 orcs
  8 endoplasms
  4 giant cockroaches (D:3)
  9 hobgoblins
  3 jackals (D:1)
  8 kobolds
  6 quokkas
  3 ball pythons (D:2)
  3 bats
  3 frilled lizards (D:2)
  18 goblins
  4 rats
125 creatures vanquished.

Vanquished Creatures (others)
  4 plants
  7 withered plants (D:3)
11 creatures vanquished.

Grand Total: 136 creatures vanquished

Notes
Turn   | Place    | Note
-------+----------+-------------------------------------------
     0 | D:1      | bmack86 the Minotaur Fighter began the quest for the Orb.
     0 | D:1      | Reached XP level 1. HP: 19/19 MP: 0/0
   200 | D:1      | Found Nanuit's General Store.
   224 | D:1      | Bought a scroll of identify for 22 gold pieces
   252 | D:1      | Reached XP level 2. HP: 27/27 MP: 1/1
   408 | D:1      | Reached skill level 3 in Axes
   715 | D:2      | Noticed Sigmund
   734 | D:2      | Killed Sigmund
   735 | D:2      | Reached skill level 4 in Axes
   735 | D:2      | Reached XP level 3. HP: 6/34 MP: 2/2
   735 | D:2      | Reached XP level 4. HP: 7/41 MP: 3/3
   735 | D:2      | Reached XP level 5. HP: 8/47 MP: 4/4
   914 | D:2      | Found Sipt's Distillery.
   922 | D:2      | Bought a potion of heal wounds for 60 gold pieces
  1014 | D:2      | Found Jatakier's General Store.
  1017 | D:2      | Found Yhitromi's Assorted Antiques.
  1023 | D:2      | Bought a scroll labelled HELEEZ INUVVIOR for 22 gold pieces
  1061 | D:2      | Reached skill level 5 in Axes
  1511 | D:2      | Reached XP level 6. HP: 54/55 MP: 5/5
  1546 | D:2      | Found Dex Errahi's Magic Scroll Boutique.
  1675 | D:3      | Reached skill level 5 in Fighting
  1707 | D:3      | Reached skill level 5 in Armour
  1707 | D:3      | Reached skill level 5 in Shields
  1830 | D:3      | Noticed Robin
  1848 | D:3      | Killed Robin
  1875 | D:3      | Found a faded altar of an unknown god.
  2393 | D:4      | Found a staircase to the Ecumenical Temple.
  2406 | Temple   | Entered the Ecumenical Temple
  2437 | Temple   | Became a worshipper of Warmaster Okawaru
  3103 | D:4      | Reached XP level 7. HP: 56/61 MP: 6/6
  3104 | D:4      | Reached skill level 6 in Axes
  3256 | D:4      | Found Piyvoe's General Store.
  3392 | D:4      | Reached skill level 1 in Invocations
  3525 | D:5      | Entered Level 5 of the Dungeon
  3618 | D:5      | Reached * piety under Okawaru
  3622 | D:5      | Found Dinuix's General Store.
  3638 | D:5      | Bought a +0 pair of gloves for 45 gold pieces
  3899 | D:5      | Found Bistyuf's Distillery.
  4026 | D:5      | Found a hazy altar of Hepliaklqana.
  4029 | D:5      | Found a shimmering blue altar of Sif Muna.
  4034 | D:5      | Found a shadowy altar of Dithmenos.
  4085 | D:6      | Noticed a shadow
  4090 | D:6      | Killed a shadow
  4096 | D:6      | Reached skill level 1 in Throwing
  4135 | D:6      | Reached skill level 7 in Axes
  4142 | D:6      | Reached XP level 8. HP: 15/70 MP: 8/8
  4520 | D:6      | Reached ** piety under Okawaru
  5272 | D:7      | Identified the +9 falchion "Widowmaker" {flame, rElec Str+3
                  | Dex+3}
  5277 | D:7      | Noticed Prince Ribbit
  5315 | D:7      | Killed Prince Ribbit
  5316 | D:7      | Reached skill level 8 in Axes
  5329 | D:7      | HP: 3/66 [wight/+6 falchion (4)]
  5330 | D:7      | Slain by a wight

Illustrated notes

Levels and vault maps discovered:
D:1:      elethiomel_arrival_quiet, layout_loops_ring, serial_shops, shop
D:2:      layout_loops_ring, serial_glass, glass_columns_a, glass_columns_b,
          serial_shops, nicolae_shop_advertising_works
          [nicolae_subvault_shop_adworks], nicolae_shop_trees,
          nicolae_square_shop, shop, serial_bayou_pond_e, uniq_sigmund
D:3:      layout_loops_cross, shapermc_ecumenical_altar_flowoftime, uniq_robin
D:4:      layout_cave_pods, minmay_temple_entry_gardened_gates, serial_shops,
          shop
D:5:      layout_cave_pools, grunt_temple_overflow_diamond, serial_shops, shop,
          kennysheep_mini
D:6:      layout_basic
D:7:      layout_loops_ring, serial_shops, shop, uniq_prince_ribbit1
Temple:   compressed_dpeg_triangle_lava_temple

Skill      XL: |  1  2  3  4  5  6  7  8 |
---------------+-------------------------+-----
Axes           | 4 5 7 8 |  8.0
Armour         | 4 5 6 |  6.5
Fighting       | 4 5 6 |  6.5
Shields        | 4 5 6 |  6.4
Invocations    | 2 3 |  3.0
Throwing       | 1 2 |  2.3

Action                     |  1- 3 |  4- 6 |  7- 9 || total
---------------------------+-------+-------+-------++-------
  Melee: War axe           |    56 |   143 |   108 ||   307
         Headbutt          |     6 |    26 |    19 ||    51
 Invoke: Heroism           |       |       |     1 ||     1
    Use: Scroll            |     5 |     8 |     4 ||    17
         Potion            |       |       |     1 ||     1
 Armour: Scale mail        |    28 |    50 |    47 ||   125
  Dodge: Dodged            |    33 |    46 |    71 ||   150
  Block: Buckler           |     9 |    45 |    46 ||   100

Table legend: (Time is in decaauts)
 A = Elapsed time spent in this place.
 B = Non-inter-level travel time spent in this place.
 C = Inter-level travel time spent in this place.
 D = Time resting spent in this place.
 E = Time spent auto-exploring this place.
 F = Levels seen in this place.
 G = Mean time per level.
                   A        B        C        D        E       F      G
               +--------+--------+--------+--------+--------+-----+--------+
         Total |   5409 |   5237 |    172 |    616 |   3401 |   8 |  676.1 |
       Dungeon |   5142 |   4970 |    172 |    616 |   3180 |   7 |  734.6 |
        Temple |    267 |    267 |      0 |      0 |    221 |   1 |  267.0 |
               +--------+--------+--------+--------+--------+-----+--------+

Top non-repeatable levels by time:
     D:6: 1182 daAuts
     D:2: 1001 daAuts
     D:4: 879 daAuts
     D:3: 739 daAuts
     D:1: 700 daAuts
     D:5: 550 daAuts
  Temple: 267 daAuts
     D:7: 88 daAuts
